 Dungeon Crawl Stone Soup version 0.30-a0-29-g142975f185 (webtiles) character file.

Game seed: 7619270220541787850

4 ytrimaz the Trooper (level 1, -2/18 HPs)
             Began as a Demonspawn Fighter on Aug 26, 2022.
             Slain by a quokka (4 damage)
             ... on level 1 of the Dungeon.
             The game lasted 00:00:11 (200 turns).

ytrimaz the Trooper (Demonspawn Fighter)             Turns: 200, Time: 00:00:12

Health: -2/18      AC:  6    Str: 16    XL:     1   Next: 50%
Magic:  1/1        EV:  8    Int:  9    God:
Gold:   13         SH:  4    Dex: 12    Spells: 0/0 levels left

rFire   . . .      SeeInvis .    a - +0 war axe
rCold   . . .      Faith    .    c - +0 buckler
rNeg    . . .      Spirit   .    b - +0 scale mail
rPois   .          Reflect  .    (no helmet)
rElec   .          Harm     .    (no cloak)
rCorr   .          Rampage  .    (no gloves)
Will    .....                    (no boots)
Stlth   ..........               (no amulet)
HPRegen 0.06/turn                (no ring)
MPRegen 0.07/turn                (no ring)

@: no status effects
A: no striking features
a: no special abilities


You were on level 1 of the Dungeon.
You visited 1 branch of the dungeon, and saw 1 of its levels.

You collected 13 gold pieces.

Inventory:

Hand Weapons
 a - a +0 war axe (weapon)
Armour
 b - a +0 scale mail (worn)
 c - a +0 buckler (worn)
Potions
 d - a potion of might
 e - a potion of curing {unknown}


   Skills:
 + Level 3.2 Fighting
 + Level 1.8 Axes
 - Level 2.6 Armour
 - Level 2.6 Shields


You couldn't memorise any spells.
You didn't know any spells.
Your spell library was empty.

Dungeon Overview and Level Annotations

Branches:
Dungeon (1/15)

Altars:


Message History

The quokka closely misses you.
You hit the quokka.
The quokka is lightly wounded.
You hit the hobgoblin.
The hobgoblin hits you but does no damage.
The quokka closely misses you.
The hobgoblin hits you but does no damage.
The quokka bites you.
You hit the hobgoblin.
You kill the hobgoblin!
You barely miss the quokka.
The quokka bites you but does no damage.
You hit the quokka but do no damage. You block the quokka's attack.
The quokka barely misses you.
Unknown command.
You miss the quokka.
The quokka bites you but does no damage.
The quokka bites you.
You are too injured to fight recklessly!
Unknown command.
You block the quokka's attack.
You are too injured to fight recklessly!
The quokka bites you but does no damage.
A quokka is nearby!
You are too injured to fight recklessly!
You are too injured to fight recklessly!
The quokka bites you.
* * * LOW HITPOINT WARNING * * *
The quokka bites you.
* * * LOW HITPOINT WARNING * * *
Unknown command.
You are too injured to fight recklessly!
You miss the quokka. The quokka barely misses you.
You are too injured to fight recklessly!
You barely miss the quokka. The quokka bites you.
* * * LOW HITPOINT WARNING * * *
The quokka bites you but does no damage.
You are too injured to fight recklessly!
You miss the quokka. The quokka bites you.
You die...

##.### ##.#.###.## #.# #+# ##.##
#..# #.# #.# #.# ##.#.
#.#########.# ### #.###....
##.#.........####.##### #.......#
#....######...........# #..#..#..
.#.......#..........#.# #......#.
#.#..###.##.....r.....###..#...#.
##.#.# #........@...........####.
###.# #####.#......[.##.........
#.#######.#......#.##.#.......
#...†....................###.#
#########..###....#.....##....
#..# .....# .. #.....< #..#
#....# ....##.... #... ...... ...
###.# #.##. # ...


You could see a quokka.

Vanquished Creatures
  A goblin (D:1)
  A hobgoblin (D:1)
  A frilled lizard (D:1)
  A rat (D:1)
4 creatures vanquished.

Notes
Turn   | Place    | Note
-------+----------+-------------------------------------------
     0 | D:1      | ytrimaz the Demonspawn Fighter began the quest for the Orb.
     0 | D:1      | Reached XP level 1. HP: 18/18 MP: 1/1
   200 | D:1      | Slain by a quokka

Illustrated notes

Levels and vault maps discovered:
D:1:      erik_arrival_blinker_ship, layout_loops_corners,
          ebering_ecumenical_altar_petrified

Action                   || total
-------------------------++-------
Melee: War axe           ||    22
Armor: Scale mail        ||    13
Dodge: Dodged            ||    12
Block: Buckler           ||     3

Table legend: (Time is in decaauts)
 A = Elapsed time spent in this place.
 B = Non-inter-level travel time spent in this place.
 C = Inter-level travel time spent in this place.
 D = Time resting spent in this place.
 E = Time spent auto-exploring this place.
 F = Levels seen in this place.
 G = Mean time per level.
                   A        B        C        D        E       F      G
               +--------+--------+--------+--------+--------+-----+--------+
         Total |    209 |    209 |      0 |      0 |    161 |   1 |  209.0 |
       Dungeon |    209 |    209 |      0 |      0 |    161 |   1 |  209.0 |
               +--------+--------+--------+--------+--------+-----+--------+

Top non-repeatable levels by time:
     D:1: 209 daAuts
